 Dungeon Crawl Stone Soup version 0.30-a0-920-g7493c07aab (webtiles) character file.

Game seed: 16647695274593636928

236 jimonade the Shield-Bearer (level 6, 0/46 (49) HPs)
             Began as a Formicid Fighter on Mar 21, 2023.
             Succumbed to Robin's poison
             ... on level 2 of the Dungeon.
             The game lasted 00:04:03 (1359 turns).

jimonade the Shield-Bearer (Formicid Fighter)       Turns: 1359, Time: 00:04:03

HP:   0/46 (49)     AC:  8    Str: 20    XL:     6   Next: 27%
MP:   6/6           EV: 10    Int: 10    God:
Gold: 130           SH:  5    Dex: 13    Spells: 5/5 levels left

rFire   . . .      SeeInvis +    o - +2 hand axe (elec)
rCold   . . .      Faith    .    c - +0 buckler
rNeg    . . .      Spirit   .    b - +0 scale mail
rPois   .          Reflect  .    (helmet unavailable)
rElec   .          Rampage  .    (no cloak)
rCorr   .                        (no gloves)
Will    .....                    f - +0 pair of boots Stlth
                                 (no amulet)
HPRegen 0.27/turn                (no ring)
MPRegen 0.10/turn                (no ring)

@: lethally poisoned (0 -> -6), drained
A: permanent stasis, dig shafts and tunnels, antennae 3, four strong arms
a: Dig, Shaft Self


You were on level 2 of the Dungeon.
You visited 1 branch of the dungeon, and saw 2 of its levels.

You collected 130 gold pieces.

Inventory:

Hand Weapons
 a - a +0 quarterstaff
 n - a +0 flail
 o - a +2 hand axe of electrocution (weapon)
Missiles
 h - 4 boomerangs
Armour
 b - a +0 scale mail (worn)
 c - a +0 buckler (worn)
 f - a +0 pair of boots (worn)
 g - a +0 ring mail
Jewellery
 q - a ring of willpower
Scrolls
 e - 3 scrolls of identify {unknown}
 i - 2 scrolls of fog {unknown}
 j - 2 scrolls of enchant weapon {unknown}
 l - a scroll of brand weapon {unknown}
Potions
 d - a potion of might
 k - a potion of brilliance {unknown}
 m - a potion of lignification {unknown}
 p - 2 potions of heal wounds {unknown}
 r - a potion of resistance {unknown}


   Skills:
 + Level 4.4 Fighting
 + Level 2.5 Axes
 - Level 2.3 Staves
 + Level 4.3 Armour
 + Level 1.8 Dodging
 + Level 0.3 Stealth
 + Level 4.8 Shields


You had 5 spell levels left.
You didn't know any spells.
Your spell library was empty.

Dungeon Overview and Level Annotations

Branches:
Dungeon (2/15)

Altars:


Innate Abilities, Weirdness & Mutations

You cannot be hasted, slowed, berserked, paralysed or teleported.
You can dig through walls and to a lower floor.
You have a pair of large antennae on your head. (SInv)
Your four strong arms can wield two-handed weapons with a shield.


Message History

You are poisoned.
The goblin hits you but does no damage.
You hit the goblin.
The goblin is heavily wounded.
You feel very sick.
Robin hits you from afar with a +2 spear of venom.
You are more poisoned.
The goblin barely misses you. Robin closely misses you.
The goblin hits you but does no damage.
You slash the goblin!
You kill the goblin!
You feel very sick.
Robin says, "Feeling lonely?"
Robin hits you from afar with a +2 spear of venom.
* * * LOW HITPOINT WARNING * * *
You are lethally poisoned!
You hit the goblin.
The goblin is severely wounded.
* * * LOW HITPOINT WARNING * * *
You feel very sick. You block Robin's attack. The goblin completely misses you.
You hit the goblin. Lightning courses through the goblin!
You kill the goblin!
* * * LOW HITPOINT WARNING * * *
You feel very sick.
* * * LOW HITPOINT WARNING * * *
You feel very sick.
Things that are here:
a +0 club; a +0 club; a goblin corpse You hit the goblin.
The goblin is heavily wounded.
You hit Robin. Lightning courses through Robin!
You kill Robin!
* * * LOW HITPOINT WARNING * * *
You feel sick.
The goblin no longer looks unusually strong.
You block the goblin's attack.
You closely miss the goblin.
The goblin is heavily wounded.
You die...

####.# { #.# #....#
#.# ####.#### #.#
.......# #.#
.##..#.# #.#
.#..##.# # #.#
.......###.# #)#
...........# ###g#
..#.#.....# #.@)#
.>.......########.#
#.#.#.#..# #.# #.#
#.....#..###.# #.#
..#.#.#..#...# #.#
#.###.#..#.#.# #.#
......#..#.#.# #.#
#.####.....#.# #.#
#.# #...###.####.#


You could see a goblin.

Vanquished Creatures
  Sigmund (D:2)
  Robin (D:2)
  2 adders (D:2)
  3 ball pythons
  4 bats (D:2)
  An endoplasm (D:2)
  A giant cockroach (D:1)
  5 hobgoblins
  4 jackals (D:2)
  4 kobolds
  9 goblins
  3 rats
38 creatures vanquished.

Notes
Turn   | Place    | Note
-------+----------+-------------------------------------------
     0 | D:1      | jimonade the Formicid Fighter began the quest for the Orb.
     0 | D:1      | Reached XP level 1. HP: 18/18 MP: 1/1
    36 | D:1      | Found a faded altar of an unknown god.
   171 | D:1      | Reached XP level 2. HP: 24/24 MP: 2/2
   550 | D:2      | Reached XP level 3. HP: 29/29 MP: 3/3
   854 | D:2      | Noticed Sigmund
   898 | D:2      | Killed Sigmund
   899 | D:2      | Reached skill level 1 in Dodging
   899 | D:2      | Reached XP level 4. HP: 35/38 MP: 4/4
   899 | D:2      | Reached XP level 5. HP: 40/43 MP: 5/5
   899 | D:2      | Reached XP level 6. HP: 45/49 MP: 6/6
  1337 | D:2      | Noticed Robin
  1358 | D:2      | Killed Robin
  1358 | D:2      | HP: 1/45 [poisoned by Robin]
  1359 | D:2      | Succumbed to Robin's poison

Illustrated notes

Levels and vault maps discovered:
D:1:      dpeg_arrival_refuge, layout_rooms, ebering_ecumenical_altar_petrified,
          kennysheep_crisscross
D:2:      layout_basic, uniq_sigmund, uniq_robin

Skill      XL: |  1  2  3 |
---------------+----------+-----
Fighting       | 4 |  4.4
Axes           | 2 |  2.5
Armour         | 4 |  4.3
Dodging        | 1 |  1.8
Staves         | |  2.3
Stealth        | |  0.3
Shields        | |  4.8

Action                     |  1- 3 |  4- 6 || total
---------------------------+-------+-------++-------
  Melee: Quarterstaff      |    48 |       ||    48
         Hand axe          |    28 |    40 ||    68
Ability: Dig               |       |     1 ||     1
 Armour: Scale mail        |    38 |    26 ||    64
  Dodge: Dodged            |    30 |    16 ||    46
  Block: Buckler           |    18 |     8 ||    26

Table legend: (Time is in decaauts)
 A = Elapsed time spent in this place.
 B = Non-inter-level travel time spent in this place.
 C = Inter-level travel time spent in this place.
 D = Time resting spent in this place.
 E = Time spent auto-exploring this place.
 F = Levels seen in this place.
 G = Mean time per level.
                   A        B        C        D        E       F      G
               +--------+--------+--------+--------+--------+-----+--------+
         Total |   1386 |   1352 |     34 |     29 |    725 |   2 |  693.0 |
       Dungeon |   1386 |   1352 |     34 |     29 |    725 |   2 |  693.0 |
               +--------+--------+--------+--------+--------+-----+--------+

Top non-repeatable levels by time:
     D:2: 844 daAuts
     D:1: 542 daAuts
